 Dungeon Crawl Stone Soup version 0.30-a0-857-gcaf70739d4 (webtiles) character file.

Game seed: 14447963535677911419

2 Esekla the Sneak (level 1, 16/16 HPs)
             Began as an Octopode Delver on Mar 6, 2023.
             Quit the game on level 5 of the Dungeon.
             The game lasted 00:01:06 (140 turns).

Esekla the Sneak (Octopode Delver)                   Turns: 140, Time: 00:01:07

Health: 16/16      AC:  1    Str: 11    XL:     1   Next: 30%
Magic:  1/1        EV: 13    Int: 12    God:
Gold:   10         SH:  0    Dex: 13    Spells: 0/0 levels left

rFire   . . .      SeeInvis .    a - +0 falchion
rCold   . . .      Faith    .    (no shield)
rNeg    . . .      Spirit   .    (helmet restricted)
rPois   .          Reflect  .    (no amulet)
rElec   .          Rampage  .    (no ring)
rCorr   .                        (no ring)
Will    .....                    (no ring)
Stlth   ++++                     (no ring)
HPRegen 0.22/turn                (no ring)
MPRegen 0.07/turn                (no ring)
                                 (no ring)
                                 (no ring)

@: no status effects
A: almost no armour, amphibious, 8 rings, camouflage 1, gelatinous body 1,
(nimble swimmer 1), tentacles
a: no special abilities


You were on level 5 of the Dungeon.
You visited 1 branch of the dungeon, and saw 1 of its levels.

You collected 10 gold pieces.

Inventory:

Hand Weapons
 a - a +0 falchion (weapon)
 i - a +0 trident
Wands
 f - a wand of digging (3)
Scrolls
 b - a scroll of fog
 d - a scroll of fear
 g - a scroll of amnesia {unknown}
 j - a scroll of noise {unknown}
Potions
 c - a potion of degeneration {unknown}
 e - a potion of haste
 h - a potion of ambrosia {unknown}


   Skills:
 * Level 3.0 Fighting
 * Level 2.0 Long Blades
 * Level 2.0 Dodging
 + Level 6.6 Stealth


You couldn't memorise any spells.
You didn't know any spells.
Your spell library was empty.

Dungeon Overview and Level Annotations

Branches:
Dungeon (5/15)
 Temple: D:4-7

Altars:
Okawaru
Sif Muna
Xom

Annotations:
D:5 1 transporter


Innate Abilities, Weirdness & Mutations

You cannot wear most types of armour.
You are amphibious.
You can wear up to eight rings at the same time.
Your skin changes colour to match your surroundings (Stealth+).
Your rubbery body absorbs attacks. (AC +1, EV +1)
((You are camouflaged when in or above water. (Stealth+)))
You have tentacles for arms and can constrict up to eight enemies at once.


Message History

Found 10 gold pieces.
A jelly comes into view.
Found a transporter.
You see here 10 gold pieces.
You now have 10 gold pieces.
The jelly quivers.
As you read the scroll of fear, it crumbles to dust.
You assume a fearsome visage.
The jelly looks frightened!
Found a bubbling brown potion.
Found a scroll of fear.
c - a bubbling brown potion
d - a scroll of fear
Found 19 gold pieces.
Found a robe.
Found an iron altar of Okawaru.
You see here a +0 robe.
An orc comes into view. It is wielding a +0 trident.
Found a silvery potion.
Found a scroll labelled ERHUAKLECK.
Found a shimmering altar of Xom.
The orc shouts!
You see here a scroll labelled ERHUAKLECK.
g - a scroll labelled ERHUAKLECK
h - a silvery potion
There are no items here.
The orc hits you with a +0 trident.
You hit the orc. You grab the orc.
The orc is heavily wounded.
You constrict the orc. The orc misses you.
You hit the orc.
You kill the orc!
You see here a +0 trident.
i - a +0 trident An adder comes into view.
Found a ring mail.
Found a scroll labelled PUYZYIWIMO.
You see here a +0 ring mail.
j - a scroll labelled PUYZYIWIMO
Found a shimmering blue altar of Sif Muna.
Are you sure you want to abandon this character and quit the game? (Confirm with "yes".)

#.[.# ********** * #...# *
#.#.# * #.#.# * #.#.#
**##********* #.#.#
*###...,,,,,,,,,
#...############....#*******,,,
#................#..# *,,,
##...########.@.....# *,,,
##### #.#._.#.# *,,, #.......#
***, #######.# *, *,# *, *,*
********, *,* *,,,,,,,, *,*
*,******* *,***,*


There were no monsters in sight!

Vanquished Creatures
  An orc (D:5)
1 creature vanquished.

Notes
Turn   | Place    | Note
-------+----------+-------------------------------------------
     0 | D:5      | Esekla the Octopode Delver began the quest for the Orb.
     0 | D:5      | Reached XP level 1. HP: 16/16 MP: 1/1
    12 | D:5      | Noticed a jelly
    14 | D:5      | Found a transporter.
    49 | D:5      | Found an iron altar of Okawaru.
    69 | D:5      | Found a shimmering altar of Xom.
   134 | D:5      | Found a shimmering blue altar of Sif Muna.
   140 | D:5      | Quit the game

Illustrated notes

Levels and vault maps discovered:
D:5:      layout_basic, mainiacjoe_overflow_tiny_flanked,
          mainiacjoe_overflow_boulevard, lemuel_doored_altar,
          gammafunk_ghost_mausoleum, chequers_garden, minmay_misc_feat_rows,
          uniq_crazy_yiuf_cottage

Action                     || total
---------------------------++-------
  Melee: Falchion          ||     2
         Constrict         ||     1
    Use: Scroll            ||     2
  Dodge: Dodged            ||     1

Table legend: (Time is in decaauts)
 A = Elapsed time spent in this place.
 B = Non-inter-level travel time spent in this place.
 C = Inter-level travel time spent in this place.
 D = Time resting spent in this place.
 E = Time spent auto-exploring this place.
 F = Levels seen in this place.
 G = Mean time per level.
                   A        B        C        D        E       F      G
               +--------+--------+--------+--------+--------+-----+--------+
         Total |    140 |    140 |      0 |      0 |      0 |   1 |  140.0 |
       Dungeon |    140 |    140 |      0 |      0 |      0 |   1 |  140.0 |
               +--------+--------+--------+--------+--------+-----+--------+

Top non-repeatable levels by time:
     D:5: 140 daAuts
